 Dungeon Crawl Stone Soup version 0.20.0-10-g0535bb4 (webtiles) character file.

25850 DrakieV the Unseen (level 12, -19/56 HPs)
             Began as a Spriggan Enchanter on June 4, 2017.
             Was a High Priest of Dithmenos.
             Demolished by a crocodile (42 damage)
             ... on level 5 of the Lair of Beasts on June 5, 2017.
             The game lasted 00:54:22 (17027 turns).

DrakieV the Unseen (Spriggan Enchanter)            Turns: 17027, Time: 00:54:23

Health: -19/56     AC:  3    Str:  4    XL:     12   Next: 93%
Magic:  17/30      EV: 30    Int: 22    God:    Dithmenos [*****.]
Gold:   764        SH:  0    Dex: 18    Spells: 25/38 levels left

rFire    . . .     SeeInvis +   s - +6 quick blade (freeze)
rCold    . . .     Gourm    .   u - +3 buckler
rNeg     + . .     Faith    .   v - +0 robe of the Will of the Gods {rElec rCorr Int+2 Stlth+} (curse)
rPois    .         Spirit   .   C - +0 hat
rElec    +         Reflect  .   H - +0 cloak
rCorr    +         Harm     .   (gloves unavailable)
MR       ++...                  (boots unavailable)
Stlth    ++++++++++             (no amulet)
Regen    0.2/turn               o - ring of positive energy
MPRegen  0.3/turn               E - +2 ring of evasion

@: sleeping, wreathed by umbra, very quick
A: unfitting armour, see invisible, herbivore 3, speed 3, slow metabolism 2
a: Shadow Step, Shadow Form, Renounce Religion


You were on level 5 of the Lair of Beasts.
You worshipped Dithmenos.
Dithmenos was extremely pleased with you.
You were not hungry.

You visited 6 branches of the dungeon, and saw 18 of its levels.
You also visited: Sewer.

You collected 764 gold pieces.


Innate Abilities, Weirdness & Mutations

You are very small and have problems with some larger weapons.
You are too small for most types of armour.
You have supernaturally acute eyesight. (SInv)
You are a herbivore.
You cover ground extremely quickly.
You need consume almost no food.


   Skills:
 - Level 2.7 Fighting
 - Level 8.0 Short Blades
 - Level 12.4 Dodging
 - Level 16.2 Stealth
 - Level 2.0 Shields
 + Level 13.9 Spellcasting
 - Level 10.9 Hexes
 - Level 3.4 Translocations


You had 25 spell levels left.
You knew the following spells:

 Your Spells              Type           Power        Failure   Level  Hunger
a - Slow                  Hex            ######..     1%          2    None
b - Blink                 Tloc           N/A          2%          2    None
c - Confuse               Hex            ######..     1%          3    None
d - Tukima's Dance        Hex            ######..     1%          3    None
e - Ensorcelled Hibernat  Hex/Ice        #####.       1%          2    None
f - Apportation           Tloc           ####..       1%          1    None


Dungeon Overview and Level Annotations

Branches:
Dungeon (9/15)             Temple (1/1) D:7            Lair (5/6) D:9
  Swamp (1/4) Lair:2        Snake (1/4) Lair:4          Orc (1/2) D:9
  Slime: Lair:5-6

Altars:
Dithmenos
Elyvilon
Gozag
Hepliaklqana
Kikubaaqudgha
Ru
Uskayaw
Vehumet
Yredelemnul
Zin
Beogh

Shops:
D:9 (

Inventory:

Hand Weapons
 a - a +2 dagger
 s - a +6 quick blade of freezing (weapon)
   (You acquired it on level 8 of the Dungeon)
Missiles
 b - 36 poisoned needles
 y - 5 throwing nets (quivered) {!f}
Armour
 u - a +3 buckler (worn)
   (You found it on level 7 of the Dungeon)
 v - the cursed +0 robe of the Will of the Gods (worn) {rElec rCorr Int+2 Stlth+}
   (You found it on level 7 of the Dungeon)

   It affects your intelligence (+2).
   It insulates you from electricity.
   It protects you from acid and corrosion.
   It makes you more stealthy.
   It has a curse placed upon it.
 C - a +0 hat (worn)
   (You found it on level 2 of the Lair of Beasts)
 H - a +0 cloak (worn)
   (You found it on level 4 of the Lair of Beasts)
Jewellery
 o - a ring of positive energy (left hand)
   (You found it on level 2 of the Dungeon)
 E - a +2 ring of evasion (right hand)
   (You found it on level 3 of the Lair of Beasts)
Scrolls
 c - a scroll of identify {@r1}
 g - 3 scrolls of amnesia
 k - 4 scrolls of magic mapping
 l - 3 scrolls of recharging
 n - 9 scrolls of teleportation {@r4}
 p - 5 scrolls of remove curse {@r2}
 r - 3 scrolls of fog
 t - a scroll of fear
 A - a scroll of enchant armour
Potions
 e - a potion of berserk rage
 f - 2 potions of magic
 h - 3 potions of haste {@q3}
 j - 2 potions of might
 q - 2 potions of mutation {!q}
 w - 3 potions of heal wounds {@q2}
 z - 3 potions of curing {@q1}
 B - a potion of ambrosia
 D - a potion of cancellation
 F - a potion of brilliance
 G - a potion of flight
 I - a potion of lignification {!q}
Miscellaneous
 x - a crystal ball of energy
   (You found it on level 1 of the Lair of Beasts)
Comestibles
 d - 15 fruits
 i - 7 royal jellies
 m - 8 bread rations {@e1}

..........≈≈≈≈≈≈≈≈≈...........
..........≈≈≈≈≈≈≈≈≈.........>.
.........≈≈≈≈≈>.≈≈≈≈..?.......
.##.#....≈≈≈≈.≈≈≈≈≈.Y.........
<.####...≈≈≈≈≈≈≈≈≈≈..†........
...###.....≈≈≈≈≈≈≈≈.....#...#.
...##......≈≈≈≈≈≈.Y.P....#....
....#....#≈..(≈≈Yt............
...###.....##...@Y##..........
.#.# #.......#....P.P%..#..P..
.#####.......................
###.#........................
...........................
...........................
).......................
........................
....#..................


You could see a crocodile and 4 dream sheep.


Message History

Aim: a dream sheep (umbra, chance to defeat MR: 58%)
The dream sheep looks drowsy...
You block the dream sheep's attack. x2
The helpless dream sheep fails to defend itself.
You skewer the dream sheep like a kebab!!!!
You freeze the dream sheep!
You kill the dream sheep!
Dithmenos accepts your kill.
Casting: Ensorcelled Hibernation
Confirm with . or Enter, or press ? or * to list all spells.
Aiming: Ensorcelled Hibernation
Press: ? - help, Shift-Dir - straight line, f - dream sheep
Aim: a dream sheep (umbra, chance to defeat MR: 58%)
The dream sheep looks drowsy...
The dream sheep bites you!
* * * LOW HITPOINT WARNING * * *
The dream sheep bites you.
* * * LOW HITPOINT WARNING * * *
The dream sheep shake their wool and sparkle.
You feel drowsy...
You fall asleep.
You wake up.
Casting: Ensorcelled Hibernation
Confirm with . or Enter, or press ? or * to list all spells.
Aiming: Ensorcelled Hibernation
Press: ? - help, Shift-Dir - straight line, f - dream sheep, p - dream sheep
Aim: a dream sheep (umbra, chance to defeat MR: 58%)
The dream sheep looks drowsy...
Casting: Ensorcelled Hibernation
Confirm with . or Enter, or press ? or * to list all spells.
Aiming: Ensorcelled Hibernation
Press: ? - help, Shift-Dir - straight line, f - dream sheep, p - dream sheep
Aim: a dream sheep (heavily wounded, umbra, chance to defeat MR: 58%)
The dream sheep resists with significant effort.
The dream sheep completely misses you.
Casting: Ensorcelled Hibernation
Confirm with . or Enter, or press ? or * to list all spells.
Aiming: Ensorcelled Hibernation
Press: ? - help, Shift-Dir - straight line, f/p - dream sheep
Aim: a dream sheep (heavily wounded, umbra, chance to defeat MR: 58%)
The dream sheep resists with significant effort.
The dream sheep ruffle their wool and motes of dream dust sparkle, to no effect.
Casting: Ensorcelled Hibernation
Confirm with . or Enter, or press ? or * to list all spells.
Aiming: Ensorcelled Hibernation
Press: ? - help, Shift-Dir - straight line, f/p - dream sheep
Aim: a dream sheep (heavily wounded, umbra, chance to defeat MR: 58%)
The dream sheep looks drowsy...
The dream sheep are wreathed in dream dust.
You feel drowsy...
You fall asleep.
The crocodile bites you!!!
Ouch! That really hurt!
You die...

Vault maps used:
D:1:      lemuel_arrival_funnel
D:2:      lemuel_doored_altar, yredelemnul_altar_generic,
          kiku_gazebo_garden_becter, serial_glass, glass_columns_a,
          glass_columns_a, nrook_uturn
D:3:      lemuel_crystal_altar, lemuel_crystal_altar,
          chequers_ecumenical_altar_twisty, first_bread, serial_glass,
          glass_columns_a, glass_columns_b, glass_columns_a, glass_columns_a,
          glass_columns_a, nicolae_ru_the_path_less_chosen, uniq_natasha
D:4:      old_standard_altar, gammafunk_temple_overflow_wave,
          gammafunk_temple_overflow_claw, uniq_edmund
D:5:      cheibrodos_sewer_entry_sluice, uniq_menkaure, uniq_eustachio
D:6:      minmay_misc_feat_enclosed, uniq_prince_ribbit1, uniq_grinder
D:7:      minmay_temple_entry_butterflies
D:8:      lemuel_coloured_pillars_altar, nicolae_ossuary_entry_monument,
          uniq_psyche, uniq_pikel, uniq_joseph, uniq_grum
D:9:      erik_lair_dragon, david_orc_5, basic_altar, serial_shops,
          nicolae_shop_waterfront
Temple:   jpeg_temple_island
Lair:1:   cheibrodos_lair_river_kwai, serial_bayou_shore_b, uniq_harold
Lair:2:   nicolae_swamp_entry_splash_gauntlet
Lair:3:   grunt_megastairs_2, lemuel_fruit_tree, infiniplex_staircase_pool
Lair:4:   dummy_snake_entry, beast_lair_carwin_11
Lair:5:   minmay_lair_oklob_chamber, infiniplex_staircase_pool_2,
          lemuel_fruit_fields, uniq_urug
Swamp:1:  hangedman_swamp_ruin_wall, uniq_kirke
Snake:1:  uniq_frances, uniq_azrael
Orc:1:    basic_altar
Sewer:    kennysheep_sewer_church

Vanquished Creatures
  4 hydras
  Harold (Lair:1)
  A two-headed ogre (D:8)
  7 death yaks (Lair:4)
  The ghost of xash the Unhurried, a novice OpMo of Cheibriados (D:7)
  Pikel (D:8)
  Joseph (D:8)
  3 black mambas
  Psyche (D:8)
  5 spiny frogs
  4 komodo dragons
  2 trolls
  A polar bear (Lair:5)
  Prince Ribbit (D:6)
  2 hippogriffs (Lair:4)
  A dream sheep (Lair:5)
  3 blink frogs (Lair:4)
  A wyvern (Lair:3)
  Eustachio (D:7)
  5 basilisks
  Grum (D:8)
  11 yaks
  Menkaure (D:5)
  A naga (Snake:1)
  3 swamp worms (Lair:2)
  6 water moccasins
  12 porcupines
  3 orc warriors
  A slave (D:8)
  An ice beast (D:8)
  3 sky beasts
  A phantom (D:6)
  A swamp drake (D:9)
  4 ogres
  4 wolves (D:8)
  6 centaurs
  9 crocodiles
  11 bullfrogs
  A scorpion (D:6)
  13 killer bees (D:8)
  An electric eel (Lair:2)
  2 wights (D:6)
  3 crimson imps
  4 howler monkeys
  A bullfrog zombie (D:5)
  A quasit (D:7)
  A jelly (D:7)
  5 orc priests
  A centaur skeleton (D:7)
  A hound (D:9)
  A bullfrog skeleton (D:9)
  Natasha (thrice) (D:3)
  3 iguanas
  4 worker ants
  8 orc wizards
  A big kobold zombie (Sewer)
  A hound zombie (D:8)
  A hound skeleton (D:6)
  A worker ant zombie (D:5)
  5 gnolls
  A howler monkey skeleton (D:5)
  9 adders
  4 shadow imps
  2 ufetubi (Sewer)
  2 adder zombies (Sewer)
  An adder skeleton (D:6)
  A worm (D:3)
  7 dart slugs
  3 leopard geckos
  32 orcs
  11 bats
  7 giant cockroaches
  8 goblins
  6 hobgoblins
  5 jackals
  20 kobolds
  2 quokkas
  4 ball pythons
  6 frilled lizards
  2 kobold zombies (Sewer)
  2 leopard gecko skeletons
  12 rats
334 creatures vanquished.

Vanquished Creatures (collateral kills)
  3 wights (D:6)
  A centaur zombie (D:7)
  An orc priest (D:7)
  An orc wizard (D:3)
  10 orcs
  A hobgoblin (D:3)
17 creatures vanquished.

Vanquished Creatures (others)
  A dancing weapon (D:9)
  2 slaves (D:8)
  2 killer bees (D:8)
  A centaur skeleton (D:8)
  A worker ant zombie (D:8)
  An ooze (Sewer)
  3 jackals (D:8)
  3 giant cockroach zombies (Sewer)
14 creatures vanquished.

Grand Total: 365 creatures vanquished

Table legend:
 A = Turns spent in this place as a percentage of turns spent in the entire game.
 B = Non-inter-level travel turns spent in this place as a percentage of non-inter-level travel turns spent in the entire game.
 C = Inter-level travel turns spent in this place as a percentage of turns spent in this place.
 D = Turns resting spent in this place as a percentage of non-inter-level travel turns spent in this place.
 E = Turns spent auto-exploring this place as a percentage of non-inter-level travel turns spent in this place.
 F = Non-inter-level travel turns spent in this place divided by the number of levels of this place that you've seen.
                   A       B       C       D       E      F
               +-------+-------+-------+-------+-------+----------------------
         Total | 100.0 | 100.0 |   0.4 |   3.9 |  10.2 | 278.5
       Dungeon |  70.9 |  70.8 |   0.4 |   4.3 |   9.1 | 416.4
        Temple |   0.5 |   0.5 |   0.0 |  13.8 |   0.0 |  29.0
          Lair |  22.2 |  22.2 |   0.3 |   2.7 |  17.1 | 235.4
         Swamp |   0.0 |   0.0 |   0.0 |   0.0 |   0.0 |   1.0
     Snake Pit |   0.6 |   0.6 |   0.0 |   0.0 |   0.0 |  32.0
  Orcish Mines |   0.0 |   0.0 |   0.0 |   0.0 |   0.0 |   1.0
         Sewer |   5.7 |   5.7 |   0.0 |   3.3 |   0.0 | 303.0
               +-------+-------+-------+-------+-------+----------------------

Table legend:
 A = Kills in this place as a percentage of kills in entire the game.
 B = Kills by you in this place as a percentage of kills by you in the entire game.
 C = Kills by friends in this place as a percentage of kills by friends in the entire game.
 D = Other kills in this place as a percentage of other kills in the entire game.
 E = Experience gained in this place as a percentage of experience gained in the entire game.
 F = Experience gained in this place divided by the number of levels of this place that you have seen.
                   A       B       C       D       E      F
               +-------+-------+-------+-------+-------+----------------------
         Total | 100.0 | 100.0 | 100.0 | 100.0 | 100.0 | 1943.6
       Dungeon |  70.6 |  70.1 | 100.0 |   0.0 |  32.1 | 1318.0
        Temple |   0.3 |   0.3 |   0.0 |   0.0 |   0.1 |  34.0
          Lair |  22.9 |  24.4 |   0.0 |   0.0 |  67.1 | 4954.0
     Snake Pit |   0.3 |   0.3 |   0.0 |   0.0 |   0.4 | 166.0
         Sewer |   6.0 |   4.9 |   0.0 | 100.0 |   0.3 |  97.0
               +-------+-------+-------+-------+-------+----------------------

Notes
Turn   | Place    | Note
-------+----------+-------------------------------------------
     0 | D:1      | DrakieV the Spriggan Enchanter began the quest for the Orb.
     0 | D:1      | Reached XP level 1. HP: 9/9 MP: 5/5
   310 | D:1      | Reached XP level 2. HP: 8/13 MP: 6/6
   564 | D:1      | HP: 3/13 [gnoll/spear (3)]
   577 | D:1      | Learned a level 2 spell: Ensorcelled Hibernation
   578 | D:1      | HP: 2/13 [gnoll/spear (1)]
   616 | D:1      | Reached skill level 4 in Hexes
   955 | D:1      | Reached skill level 5 in Stealth
  1043 | D:1      | Reached XP level 3. HP: 16/16 MP: 4/8
  1568 | D:1      | Learned a level 3 spell: Tukima's Dance
  2118 | D:1      | Reached skill level 6 in Stealth
  2276 | D:2      | Found a basalt altar of Yredelemnul.
  2382 | D:2      | Found a radiant altar of Vehumet.
  2428 | D:2      | Reached XP level 4. HP: 21/21 MP: 6/9
  2430 | D:2      | Reached skill level 3 in Spellcasting
  2439 | D:2      | Learned a level 3 spell: Confuse
  2444 | D:2      | Found an ancient bone altar of Kikubaaqudgha.
  2823 | D:2      | Reached skill level 2 in Short Blades
  3120 | D:3      | Found a faded altar of an unknown god.
  3127 | D:3      | Found a shadowy altar of Dithmenos.
  3134 | D:3      | Became a worshipper of Dithmenos the Shadowed
  3244 | D:3      | Reached XP level 5. HP: 24/24 MP: 2/11
  3388 | D:3      | Found a white marble altar of Elyvilon.
  3487 | D:3      | Reached skill level 4 in Dodging
  3635 | D:3      | Noticed Natasha
  3669 | D:3      | Killed Natasha
  3847 | D:3      | Noticed Natasha
  3852 | D:3      | Killed Natasha
  3939 | D:3      | Found a sacrificial altar of Ru.
  4149 | D:3      | Reached skill level 4 in Spellcasting
  4149 | D:3      | Reached skill level 5 in Hexes
  4282 | D:3      | Reached skill level 3 in Short Blades
  4399 | D:3      | Noticed Natasha
  4405 | D:3      | Killed Natasha
  4405 | D:3      | Reached XP level 6. HP: 21/28 MP: 6/13
  4573 | D:4      | Found a hazy altar of Hepliaklqana.
  4884 | D:5      | Entered Level 5 of the Dungeon
  5047 | D:5      | Found a glowing drain.
  5058 | Sewer    | Entered a sewer
  5162 | Sewer    | Reached * piety under Dithmenos
  5505 | Sewer    | Found a burning altar of Makhleb.
  5791 | D:5      | Reached skill level 5 in Dodging
  6015 | D:5      | Noticed Menkaure
  6019 | D:5      | Killed Menkaure
  6019 | D:5      | Reached skill level 4 in Short Blades
  6019 | D:5      | Reached skill level 5 in Spellcasting
  6019 | D:5      | Reached XP level 7. HP: 32/32 MP: 15/15
  6247 | D:5      | Reached skill level 6 in Hexes
  6403 | D:5      | Reached ** piety under Dithmenos
  6441 | D:5      | Reached skill level 5 in Short Blades
  6528 | D:5      | Noticed Eustachio
  6596 | D:5      | Reached skill level 6 in Spellcasting
  7104 | D:6      | Reached XP level 8. HP: 36/36 MP: 4/18
  7111 | D:6      | Reached skill level 6 in Dodging
  7111 | D:6      | Reached skill level 7 in Stealth
  7233 | D:6      | Noticed Prince Ribbit
  7240 | D:6      | Killed Prince Ribbit
  7591 | D:6      | Reached skill level 6 in Short Blades
  7591 | D:6      | Reached skill level 8 in Stealth
  7591 | D:6      | Reached skill level 7 in Spellcasting
  7736 | D:6      | Reached skill level 7 in Dodging
  8104 | D:7      | Reached skill level 1 in Fighting
  8106 | D:7      | Found a staircase to the Ecumenical Temple.
  8118 | Temple   | Entered the Ecumenical Temple
  8422 | D:7      | Noticed a troll
  8429 | D:7      | Killed a troll
  8429 | D:7      | Reached skill level 7 in Hexes
  8429 | D:7      | Reached XP level 9. HP: 41/41 MP: 17/20
  8472 | D:7      | Reached skill level 1 in Shields
  8481 | D:7      | Got a smoking robe
  8506 | D:7      | Identified the cursed +0 robe of the Will of the Gods {rElec rCorr Int+2 Stlth+} (You found it on level 7 of the Dungeon)
  8526 | D:7      | Noticed xash's ghost (novice OpMo)
  8792 | D:7      | Killed xash's ghost
  8792 | D:7      | Reached skill level 2 in Fighting
  8792 | D:7      | Reached skill level 7 in Short Blades
  8792 | D:7      | Reached skill level 8 in Dodging
  8792 | D:7      | Reached skill level 9 in Stealth
  9090 | D:7      | Killed Eustachio
  9090 | D:7      | Reached skill level 2 in Shields
  9420 | D:8      | Noticed Grum
  9427 | D:8      | Killed Grum
  9427 | D:8      | Reached skill level 9 in Dodging
  9433 | D:8      | Reached *** piety under Dithmenos
  9438 | D:8      | Reached skill level 10 in Stealth
  9588 | D:8      | Noticed a two-headed ogre
  9595 | D:8      | Killed a two-headed ogre
  9595 | D:8      | Reached skill level 8 in Hexes
  9595 | D:8      | Reached XP level 10. HP: 47/47 MP: 21/21
  9601 | D:8      | Reached skill level 10 in Dodging
  9658 | D:8      | Found an opulent altar of Gozag.
  9822 | D:8      | Reached skill level 11 in Stealth
 10083 | D:8      | Noticed Pikel
 10120 | D:8      | Killed Pikel
 10120 | D:8      | Reached skill level 9 in Hexes
 10416 | D:8      | Noticed Joseph
 10437 | D:8      | Killed Joseph
 10586 | D:8      | Reached skill level 11 in Dodging
 10595 | D:8      | Identified a scroll of acquirement
 10615 | D:8      | Noticed Psyche
 10636 | D:8      | Killed Psyche
 10636 | D:8      | Reached skill level 12 in Stealth
 11003 | D:9      | Found Poczovoll's Antique Weapon Emporium.
 11125 | D:9      | Reached **** piety under Dithmenos
 11196 | D:9      | Found an opulent altar of Gozag.
 11203 | D:9      | Reached skill level 10 in Hexes
 11223 | D:9      | Found a roughly hewn altar of Beogh.
 11223 | D:9      | Found a staircase to the Orcish Mines.
 11450 | Orc:1    | Entered Level 1 of the Orcish Mines
 11581 | D:9      | Reached XP level 11. HP: 51/51 MP: 22/22
 11832 | D:9      | Found a staircase to the Lair.
 12071 | Lair:1   | Entered Level 1 of the Lair of Beasts
 12151 | Lair:1   | Noticed a six-headed hydra
 12162 | Lair:1   | Killed a six-headed hydra
 12271 | Lair:1   | Reached skill level 8 in Short Blades
 12271 | Lair:1   | Reached skill level 12 in Dodging
 12403 | Lair:1   | Reached skill level 13 in Stealth
 12599 | Lair:1   | Noticed Harold
 12606 | Lair:1   | Killed Harold
 12731 | Lair:1   | Learned a level 2 spell: Slow
 12734 | Lair:1   | Learned a level 2 spell: Blink
 12813 | Lair:1   | Reached skill level 14 in Stealth
 12829 | Lair:1   | Noticed an eight-headed hydra
 12836 | Lair:1   | Killed an eight-headed hydra
 12836 | Lair:1   | Reached ***** piety under Dithmenos
 12836 | Lair:1   | Reached skill level 15 in Stealth
 13613 | Lair:2   | Noticed a four-headed hydra
 13619 | Lair:2   | Killed a four-headed hydra
 13619 | Lair:2   | Reached skill level 16 in Stealth
 13706 | Lair:2   | Reached skill level 1 in Translocations
 13940 | Lair:2   | Reached skill level 2 in Translocations
 14054 | Lair:2   | Reached skill level 3 in Translocations
 14092 | Lair:2   | Found a staircase to the Swamp.
 14102 | Swamp:1  | Entered Level 1 of the Swamp
 14102 | Swamp:1  | Noticed a four-headed hydra
 14353 | Lair:3   | Reached XP level 12. HP: 56/56 MP: 24/24
 14355 | Lair:3   | Reached skill level 8 in Spellcasting
 14422 | Lair:3   | Learned a level 1 spell: Apportation
 14505 | Lair:3   | Noticed a four-headed hydra
 14521 | Lair:3   | Killed a four-headed hydra
 14521 | Lair:3   | Reached skill level 9 in Spellcasting
 15069 | Lair:4   | Noticed a death yak
 15077 | Lair:4   | Noticed a death yak
 15078 | Lair:4   | Noticed a death yak
 15078 | Lair:4   | Noticed a death yak
 15078 | Lair:4   | Noticed a death yak
 15079 | Lair:4   | Noticed a death yak
 15082 | Lair:4   | Killed a death yak
 15082 | Lair:4   | Reached skill level 10 in Spellcasting
 15083 | Lair:4   | Killed a death yak
 15111 | Lair:4   | Killed a death yak
 15111 | Lair:4   | Reached skill level 11 in Spellcasting
 15600 | Lair:4   | Killed a death yak
 15600 | Lair:4   | Reached skill level 12 in Spellcasting
 15690 | Lair:4   | Found a staircase to the Snake Pit.
 15699 | Snake:1  | Entered Level 1 of the Snake Pit
 15902 | Lair:4   | Noticed a death yak
 15907 | Lair:4   | Killed a death yak
 15996 | Lair:4   | Killed a death yak
 16159 | Lair:4   | Reached skill level 13 in Spellcasting
 16394 | Lair:4   | Killed a death yak
 17027 | Lair:5   | Demolished by a crocodile

Action                   |  1- 3 |  4- 6 |  7- 9 | 10-12 || total
-------------------------+-------+-------+-------+-------++-------
Melee: Dagger            |   151 |   243 |   344 |    81 ||   819
       Quick blade       |       |       |       |   290 ||   290
 Cast: Ensorcelled Hiber |    35 |    54 |    72 |   136 ||   297
       Tukima's Dance    |       |     2 |    11 |     7 ||    20
       Confuse           |       |    15 |    20 |    20 ||    55
       Slow              |       |       |       |     4 ||     4
  Use: Scroll            |     7 |     6 |     3 |    17 ||    33
 Stab: Sleeping          |    23 |    46 |    43 |   132 ||   244
       Confused          |       |     4 |    10 |     4 ||    18
       Distracted        |       |       |       |     3 ||     3
  Eat: Bread ration      |     1 |       |     1 |     1 ||     3
       Fruit             |       |     2 |       |       ||     2
Armor: Robe              |    10 |    17 |     8 |     3 ||    38
Dodge: Dodged            |   128 |   241 |   211 |   120 ||   700
Block: Buckler           |       |       |    24 |    71 ||    95
